 Dungeon Crawl Stone Soup version 0.27.0-1-g7a089689b8 (webtiles) character file.

Game seed: 16682402895121943092

1515503 fiver49 the Slayer (level 27, 186/188 HPs)
             Began as a Gargoyle Necromancer on Aug 4, 2021.
             Was a High Priest of Yredelemnul.
             Escaped with the Orb
             ... and 3 runes!
             The game lasted 05:20:54 (82928 turns).

fiver49 the Slayer (Gargoyle Necromancer)          Turns: 82928, Time: 05:20:55

Health: 186/188    AC: 58    Str: 23    XL:     27
Magic:  32/32      EV: 10    Int: 25    God:    Yredelemnul [*****.]
Gold:   3718       SH: 31    Dex: 11    Spells: 29/30 levels left

rFire    + . .     SeeInvis +   Q - +9 demon whip (freeze)
rCold    + + +     Faith    .   R - +2 tower shield {rC+}
rNeg     + . .     Spirit   .   f - +11 crystal plate armour
rPois    ∞         Reflect  +   b - +2 hat {Will+}
rElec    +         Harm     .   X - scarf {rC+ rF+}
rCorr    .         Rampage  .   y - +1 pair of gloves {Dex+3}
Will     +++..     Rnd*Rage +   (no boots)
Stlth    ..........             P - amulet of reflection
HPRegen  0.41/turn              L - ring of Liacutiu {rC+ Str+4}
MPRegen  0.23/turn              U - ring of Loace {Int+3 SInv Stlth+}

@: flying, studying 2 skills
A: sickness immunity, AC +20, big wings, negative energy resistance 1,
electricity resistance, torment resistance 1, petrification resistance, berserk
2, clever 1, clumsy 1, deformed body, deterioration 1, low mp 1, inhibited
regeneration, weak 1, MP-powered wands
0: Orb of Zot
}: 3/15 runes: barnacled, silver, gossamer
a: Renounce Religion, Recall Undead Slaves, Injury Mirror, Animate Dead, Drain
Life, Enslave Soul


You escaped.
You worshipped Yredelemnul.
Yredelemnul was extremely pleased with you.
You visited 10 branches of the dungeon, and saw 50 of its levels.
You visited 1 bazaar.
You also visited: Gauntlet and Ice Cave.

You collected 6928 gold pieces.
You spent 3210 gold pieces at shops.

Inventory:

Hand Weapons
 D - a +0 demon whip of venom
 F - a +9 morningstar of draining
 Q - a +9 demon whip of freezing (weapon)
Missiles
 h - 48 silver javelins (quivered)
 t - 64 boomerangs
 u - 26 javelins
 x - 10 silver boomerangs
 S - 3 curare-tipped darts
 W - 11 throwing nets
Armour
 b - a +2 hat of willpower (worn)
 f - a +11 crystal plate armour (worn)
 y - a +1 pair of gloves of dexterity (worn)
 M - the +7 plate armour "Tevum" {rElec Str+5 Dex-2}
   (You found it on level 7 of the Dungeon)

   Str:       It affects your strength (+5).
   Dex:       It affects your dexterity (-2).
   rElec:     It insulates you from electricity.
 R - a +2 tower shield of cold resistance (worn)
 X - a scarf of resistance (worn)
Jewellery
 a - a ring of willpower
 I - a ring of resist corrosion
 J - the ring "Noaty" {rC+ rN+}
   (You acquired it on level 12 of the Dungeon)

   [ring of positive energy]

   rC:        It protects you from cold.
   rN:        It protects you from negative energy.
 L - the ring of Liacutiu (left hand) {rC+ Str+4}
   (You bought it in a shop on level 9 of the Dungeon)

   [ring of protection from cold]

   Str:       It affects your strength (+4).
   rC:        It protects you from cold.
 O - a +6 ring of strength
 P - an amulet of reflection (around neck)
 T - a ring of protection from fire
 U - the ring of Loace (right hand) {Int+3 SInv Stlth+}
   (You took it off a tengu conjurer on level 14 of the Dungeon)

   [ring of see invisible]

   Int:       It affects your intelligence (+3).
   SInv:      It lets you see invisible.
   Stlth:     It makes you more stealthy.
 Y - the ring of Tiapanlo {*Corrode rF+ rC+ Int+2 Dex+4}
   (You found it on level 14 of the Dungeon)

   [ring of protection from fire]

   Int:       It affects your intelligence (+2).
   Dex:       It affects your dexterity (+4).
   rF:        It protects you from fire.
   rC:        It protects you from cold.
   *Corrode:  It may corrode you when you take damage.
Wands
 j - a wand of digging (4)
 z - a wand of iceblast (43)
 K - a wand of acid (31)
Scrolls
 k - 19 scrolls of teleportation
 l - a scroll of silence
 s - a scroll of enchant weapon
 w - 5 scrolls of blinking
 B - 2 scrolls of magic mapping
 H - a scroll of summoning
 V - 2 scrolls of fog
 Z - 5 scrolls of fear
Potions
 e - 10 potions of lignification
 g - 5 potions of berserk rage
 m - 16 potions of curing
 o - 8 potions of attraction
 p - 4 potions of magic
 q - 4 potions of resistance
 v - a potion of cancellation
 C - a potion of might
 E - 8 potions of brilliance
 G - 4 potions of invisibility
 N - 4 potions of heal wounds
Miscellaneous
 i - a phial of floods
 n - a phantom mirror
 A - a condenser vane


   Skills:
 * Level 23.0 Fighting
 - Level 16.0 Maces & Flails
 - Level 13.0 Throwing
 * Level 23.0 Armour
 - Level 14.0 Dodging
 - Level 2.1 Stealth
 * Level 21.9 Shields
 - Level 2.0 Spellcasting
 - Level 3.2 Necromancy
 * Level 17.3 Invocations
 - Level 5.1 Evocations


You had 29 spell levels left.
You knew the following spells:

 Your Spells              Type           Power      Damage    Failure   Level
a - Pain                  Necr           72%        1d7       50%         1

Your spell library contained the following spells:

 Spells                   Type           Power      Damage    Failure   Level
 Animate Skeleton         Necr           36%        N/A       50%         1
 Corpse Rot               Necr/Air       N/A        N/A       86%         2
 Vampiric Draining        Necr           9%         2d7       86%         3
 Apportation              Tloc           4%         N/A       91%         1
 Corona                   Hex            2%         N/A       91%         1
 Freeze                   Ice            8%         1d3       91%         1
 Magic Dart               Conj           8%         1d3       91%         1
 Sandblast                Erth           4%         2d4       91%         1
 Sting                    Tmut/Pois      8%         1d3       91%         1
 Summon Small Mammal      Summ           8%         N/A       91%         1
 Blink                    Tloc           N/A        N/A       97%         2
 Call Imp                 Summ           2%         N/A       97%         2
 Ensorcelled Hibernation  Hex/Ice        4%         N/A       97%         2
 Passwall                 Tmut/Erth      1%         N/A       97%         2
 Poisonous Vapours        Pois/Air       4%         N/A       97%         2
 Static Discharge         Conj/Air       2%         N/A       97%         2
 Wereblood                Tmut           2%         N/A       97%         2
 Animate Dead             Necr           9%         N/A       99%         4
 Dispel Undead            Necr           18%        3d11      99%         4
 Conjure Flame            Conj/Fire      2%         6-21      100%        3
 Dazzling Flash           Conj/Hex       4%         N/A       100%        3
 Frozen Ramparts          Ice            4%         1d2       100%        3
 Ignite Poison            Fire/Tmut/Pois 2%         N/A       100%        3
 Lesser Beckoning         Tloc           1%         N/A       100%        3
 Mephitic Cloud           Conj/Pois/Air  2%         N/A       100%        3
 Ozocubu's Armour         Ice            2%         N/A       100%        3
 Portal Projectile        Hex/Tloc       4%         N/A       100%        3
 Spider Form              Tmut/Pois      1%         N/A       100%        3
 Stone Arrow              Conj/Erth      4%         3d7       100%        3
 Swiftness                Air            2%         N/A       100%        3
 Tukima's Dance           Hex            2%         N/A       100%        3
 Airstrike                Air            1%         N/A       100%        4
 Animate Armour           Summ/Erth      4%         N/A       100%        4
 Hailstorm                Conj/Ice       2%         3d3       100%        4
 Ice Form                 Ice/Tmut       2%         N/A       100%        4
 Iskenderun's Mystic Bla  Conj/Tloc      2%         2d3       100%        4
 Olgreb's Toxic Radiance  Pois           2%         N/A       100%        4
 Passage of Golubria      Tloc           N/A        N/A       100%        4
 Petrify                  Tmut/Erth      2%         N/A       100%        4
 Sticky Flame             Conj/Fire      2%         2d3       100%        4
 Summon Lightning Spire   Summ/Air       2%         N/A       100%        4
 Agony                    Necr           18%        N/A       100%        5
 Alistair's Intoxication  Tmut/Pois      1%         N/A       100%        5
 Blade Hands              Tmut           1%         N/A       100%        5
 Borgnjor's Vile Clutch   Necr/Erth      5%         N/A       100%        5
 Excruciating Wounds      Necr           9%         N/A       100%        5
 Fireball                 Conj/Fire      1%         3d3       100%        5
 Freezing Cloud           Conj/Ice/Air   1%         6-21      100%        5
 Irradiate                Conj/Tmut      1%         3d13      100%        5
 Iskenderun's Battlesphe  Conj           2%         2d6       100%        5
 Lee's Rapid Deconstruct  Erth           1%         3d5*      100%        5
 Lightning Bolt           Conj/Air       1%         1d12      100%        5
 Manifold Assault         Tloc           2%         N/A       100%        5
 Silence                  Hex/Air        1%         N/A       100%        5
 Summon Forest            Summ/Tloc      1%         N/A       100%        5
 Yara's Violent Unravell  Hex/Tmut       1%         3d3       100%        5
 Conjure Ball Lightning   Conj/Air       1%         3x3d6     100%        6
 Eringya's Noxious Bog    Tmut/Pois      1%         N/A       100%        6
 Invisibility             Hex            1%         N/A       100%        6
 Iron Shot                Conj/Erth      1%         9d1       100%        6
 Shadow Creatures         Summ           N/A        N/A       100%        6
 Simulacrum               Ice/Necr       5%         N/A       100%        6
 Starburst                Conj/Fire      1%         8x6d3     100%        6
 Orb of Destruction       Conj           1%         N/A       100%        7
 Ozocubu's Refrigeration  Ice            1%         4d5       100%        7
 Spellforged Servitor     Conj/Summ      1%         N/A       100%        7
 Storm Form               Tmut/Air       1%         N/A       100%        7
 Summon Hydra             Summ           1%         N/A       100%        7
 Ignition                 Fire           1%         3d3       100%        8
 Lehudib's Crystal Spear  Conj/Erth      1%         10d2      100%        8
 Maxwell's Capacitive Co  Air            1%         ∞         100%        8
 Necromutation            Tmut/Necr      5%         N/A       100%        8
 Sublimation of Blood     Necr           Unusable   N/A       N/A         2

Dungeon Overview and Level Annotations

Branches:
Dungeon (15/15)            Temple (1/1) D:5            Lair (6/6) D:8
 Shoals (4/4) Lair:3       Spider (4/4) Lair:2        Slime (0/5) Lair:6
    Orc (2/2) D:9             Elf (3/3) Orc:2        Vaults (5/5) D:13
  Crypt (0/3) Vaults:2     Depths (5/5) D:15            Zot (5/5) Depths:5
  IceCv (visited)         Gauntlet (visited)

Altars:
Ashenzari
Cheibriados
Dithmenos
Elyvilon
Fedhas
Gozag
Hepliaklqana
Kikubaaqudgha
Makhleb
Nemelex Xobeh
Okawaru
Qazlal
Ru
Sif Muna
Trog
Uskayaw
Vehumet
Wu Jian
Xom
Yredelemnul
Zin
The Shining One
Beogh
Lugonu

Shops:
D:6 *   D:9 =   D:12 :   Orc:2 :[?!   Elf:1 (   Elf:2 :   Shoals:2 *
Shoals:3 **   Vaults:2 ?   Vaults:4 [   Vaults:5 (

Portals:
Hell: Depths:1 Depths:3 Depths:4 Depths:5
Abyss: Depths:4* Depths:5
Pandemonium: Depths:1 Depths:2 Depths:3
Ziggurat: Depths:4
Trove: D:15 (show slimy rune of Zot)

Annotations:
D:5 Sigmund
D:15 3 runed translucent doors, Epsin's ghost, journeyman MiFi
Lair:3 exclusion: oklob plant
Shoals:3 2 transporters, ystael's ghost, adept MiFi
Spider:4 1 runed translucent door, Cumifues's ghost, journeyman MiMo
Vaults:4 2 transporters, exclusion: orange crystal statue
Depths:4 !mennas, Mennas
Depths:5 2 runed translucent doors
Zot:1 1 exclusion
Zot:4 exclusions: draconian scorcher, draconian stormcaller and 8 more exclusions


Innate Abilities, Weirdness & Mutations

You are immune to sickness and miasma.
Your stone body is resilient. (AC +20)
You are immune to poison.
Your large and strong wings let you fly.
You resist negative energy. (rN+)
You are resistant to electric shocks. (rElec)
You are resistant to unholy torment.
You are immune to petrification.
You often lose your temper in combat.
Your mind is acute. (Int +2)
You are clumsy. (Dex -2)
Armour fits poorly on your strangely shaped body.
Your body sometimes deteriorates upon taking damage.
Your magical capacity is low. (-10% MP)
You do not regenerate when monsters are visible.
You are weak. (Str -2)
You expend magic power (3 MP) to strengthen your wands.


Message History

Unknown command.
You miss the Executioner.
The Executioner is almost dead.
You block the Executioner's attack. x3
You barely miss the Executioner.
The Executioner is almost dead.
You block the Executioner's attack. x3
You whack the Executioner!
You kill the Executioner!
Yredelemnul accepts your kill.
You feel yourself slow down.
(D) Dungeon (T) Temple (L) Lair (A) Shoals (N) Spider Nest (M) Slime Pits (O) Orcish Mines (E) Elven Halls (V) Vaults (C) Crypt (U) Depths (H) Hell (Z) Zot
Where to? (Enter - D:9, ? - help)
What level of the Dungeon? (default 1, ? - help)
You recover from your berserk rage.
A rust devil is nearby!
There is a stone staircase leading up here.
You fly upwards.
There is a stone staircase leading down here.
(D) Dungeon (T) Temple (L) Lair (A) Shoals (N) Spider Nest (M) Slime Pits (O) Orcish Mines (E) Elven Halls (V) Vaults (C) Crypt (U) Depths (H) Hell (Z) Zot
Where to? (Enter - D:1 @ (x,y), ? - help)
What level of the Dungeon? (default 1, ? - help)
You see here a +0 dagger.
There is a stone staircase leading up here.
You fly upwards.
There is a stone staircase leading down here.
There is a stone staircase leading up here.
You fly upwards.
There is a stone staircase leading down here.
There is a large open door here.
There is a large open door here.
There is an open door here.
There is a staircase leading out of the dungeon here.
You have escaped!

#............''..''...♣8♣...++.
#...........≈###.##...≈♣≈...##.
#..........#≈#≈#.8#.........#8.
###..........#≈♣♣8.#♣≈.......≈♣#.
#...##########≈#≈#.##♣♣.....♣♣##.
..### #≈###'######'######'
....####### #≈#8...8##8#'#8##8..
###.......# #≈#.....'.......'...
#######.####≈#@...8####8####8..
#.....≈#######≈#≈♣≈#≈####
#####.≈≈≈≈≈≈≈≈≈#####≈≈≈≈≈
#....................
#####################


There were no monsters in sight!

Vanquished Creatures
  3 dread liches
  4 ancient liches
  4 orbs of fire
  2 Killer Klowns (Zot:5)
  A shard shrike (Zot:2)
  6 golden dragons
  A curse toe (Zot:5)
  2 profane servitors
  Arachne (Spider:2)
  An electric golem (Zot:5)
  6 tentacled monstrosities
  A lich (Vaults:5)
  A deep elf blademaster (Elf:3)
  26 Orb Guardians
  An Executioner (D:4)
  2 krakens
  3 titans (Vaults:5)
  An ancient champion (Depths:1)
  A quicksilver dragon (Zot:1)
  7 death cobs
  3 tengu reavers
  4 shadow dragons
  A sphinx (Depths:1)
  The ghost of pikapanic92 the Brawler, an adept TrFi of Makhleb (Shoals:4)
  A thorn hunter (Depths:3)
  8 storm dragons
  8 draconian monks
  4 fire giants
  9 draconian knights
  A deep elf sorcerer (Vaults:5)
  A ghost moth (Zot:5)
  An iron dragon (Depths:1)
  4 frost giants
  9 vault wardens
  4 draconian shifters
  2 draconian scorchers
  A ghost moth (shapeshifter) (Vaults:5)
  An orc warlord (Elf:2)
  3 emperor scorpions
  A spriggan defender (Depths:5)
  3 draconian annihilators
  2 war gargoyles (Vaults:5)
  8 ironbound preservers
  2 deep elf elementalists (Elf:3)
  5 very ugly things
  8 stone giants
  2 lorocyprocas
  6 green draconians
  9 black draconians
  20 white draconians
  A minotaur (Gauntlet)
  21 purple draconians
  10 red draconians
  An entropy weaver (Vaults:2)
  2 deep elf annihilators (Vaults:5)
  7 yellow draconians
  5 spark wasps
  6 ettins
  4 deep elf death magi
  3 merfolk javelineers
  4 great orbs of eyes
  8 yaktaur captains
  4 fire dragons
  3 merfolk impalers
  3 ice dragons
  A rakshasa (Depths:1)
  14 vault guards
  3 ironbound thunderhulks
  3 spriggan air magi (Depths:5)
  3 boulder beetles
  12 hydras
  A merfolk avatar (Shoals:4)
  11 centaur warriors
  4 ironbound frosthearts
  2 catoblepae
  6 two-headed ogres
  2 merfolk aquamancers
  4 dancing weapons
  4 deep troll shamans
  3 tengu warriors
  3 deep troll earth magi
  An orc high priest (D:9)
  A vampire mage (Depths:1)
  2 ironbound beastmasters (Vaults:1)
  3 deep elf knights
  5 spriggan berserkers
  Nergalle (Orc:2)
  8 hell knights
  A soul eater (Depths:5)
  A fire crab (shapeshifter) (D:14)
  Sonja (D:13)
  6 iron trolls
  2 shadow wraiths (Vaults:5)
  3 flayed ghosts
  4 skeletal warriors
  2 glowing orange brains (Gauntlet)
  A glowing orange brain (shapeshifter) (Vaults:1)
  2 sea snakes
  A wizard (Depths:1)
  32 deep trolls
  A shadow demon (D:15)
  2 lindwurms (Vaults:1)
  3 phantasmal warriors
  An infernal demonspawn (Depths:3)
  A necromancer (Depths:3)
  2 oklob plants (Depths:3)
  3 ironbound convokers
  5 deep elf zephyrmancers
  10 wolf spiders
  Pikel (D:2)
  2 harpies
  An orc sorcerer (Orc:2)
  2 manticores
  13 deep elf pyromancers
  6 orc knights
  11 ugly things
  3 orb spiders
  2 fauns
  6 cyclopes
  A large abomination (Gauntlet)
  2 merfolk sirens
  2 elephants
  20 moths of wrath
  7 vault sentinels
  2 black mambas
  A rust devil (Depths:3)
  2 orange demons (Depths:1)
  A torpor snail (Lair:5)
  2 unseen horrors
  Maggie (D:6)
  A gargoyle (D:10)
  10 komodo dragons
  8 cane toads
  A torpor snail (shapeshifter) (Vaults:5)
  4 rime drakes
  14 yaktaurs
  3 freezing wraiths
  A hellwing (Depths:3)
  A yaktaur (shapeshifter) (D:13)
  A tormentor (Depths:2)
  9 tengu conjurers
  3 demonic crawlers
  A polar bear (shapeshifter) (Depths:5)
  A queen bee (Gauntlet)
  A wind drake (Shoals:4)
  A merfolk (shapeshifter) (Depths:3)
  6 polar bears
  13 jumping spiders
  2 meliai
  2 trolls
  14 hornets
  4 merfolk
  4 snapping turtles
  10 blink frogs
  5 dream sheep (Lair:6)
  19 slime creatures
  24 redbacks
  11 spriggans
  An air elemental (Elf:2)
  12 tarantellas
  2 water elementals
  21 yaks
  2 wraiths (D:14)
  4 wyverns
  Eustachio (D:4)
  A basilisk (shapeshifter) (Vaults:5)
  5 basilisks
  2 steam dragons
  7 vampire mosquitoes
  A warg (Orc:1)
  Edmund (D:5)
  11 water moccasins
  A hydra simulacrum (Zot:1)
  A water moccasin (shapeshifter) (D:14)
  A floating eye (Depths:2)
  3 sky beasts (D:7)
  An ice beast (D:7)
  A hornet zombie (D:6)
  4 ogres
  21 orc warriors
  5 black bears
  3 boggarts (Lair:6)
  31 wolves
  4 centaurs
  A lemure (D:2)
  2 phantoms (D:5)
  3 kobold brigands (D:8)
  Blork the orc (D:4)
  6 bullfrogs
  2 gnoll sergeants (D:9)
  4 small abominations (Gauntlet)
  A water moccasin skeleton (D:6)
  14 killer bees
  A howler monkey (D:14)
  11 wights
  5 electric eels (D:14)
  A crimson imp (D:6)
  2 centaur zombies
  3 hounds
  12 orc priests
  An iguana (D:7)
  14 orc wizards
  A scorpion zombie (D:5)
  4 hell rats (Lair:6)
  2 killer bee zombies
  A human zombie (Vaults:5)
  6 adders
  An elf zombie (Elf:3)
  8 gnolls
  A howler monkey skeleton (D:7)
  A deep troll zombie (Vaults:4)
  A river rat (D:3)
  2 shadow imps (D:6)
  An ufetubus (D:6)
  A lindwurm zombie (Vaults:2)
  An adder skeleton (D:4)
  2 worms
  56 orcs
  6 ball pythons
  6 endoplasms
  8 giant cockroaches
  8 goblins
  12 hobgoblins
  10 jackals
  15 kobolds
  5 quokkas
  A ball python zombie (D:1)
  6 bats
  4 frilled lizards
  A giant cockroach zombie (D:1)
  9 rats
  2 tentacles (Shoals:2)
1144 creatures vanquished.

Vanquished Creatures (collateral kills)
  A dread lich (Vaults:5)
  Mara (Spider:3)
  An orb of fire (Zot:4)
  3 ancient liches (Vaults:5)
  Boris (Vaults:4)
  Saint Roka (Vaults:4)
  Frederick (Vaults:2)
  2 tentacled monstrosities (Vaults:5)
  A lich (Depths:4)
  3 deep elf blademasters
  3 Orb Guardians
  An acid blob (Depths:3)
  A death cob (Zot:4)
  A deep elf master archer (Elf:3)
  3 sphinxes
  A kraken (Shoals:2)
  Polyphemus (Shoals:3)
  Gastronok (Lair:3)
  Frances (D:13)
  3 storm dragons
  3 tengu reavers
  7 shadow dragons
  Donald (Elf:1)
  Kirke (Elf:1)
  6 draconian monks
  A draconian knight (Zot:1)
  A fire giant (Depths:3)
  A draconian shifter (Zot:1)
  3 draconian scorchers
  Roxanne (Spider:3)
  7 vault wardens
  An iron dragon (Depths:5)
  12 deep elf sorcerers
  5 frost giants
  3 ghost moths (Spider:4)
  Aizul (Spider:4)
  An orc warlord (Vaults:1)
  5 emperor scorpions
  The ghost of Dirphi Vium the Fighter, a journeyman MiBe of Trog (D:13)
  16 ironbound preservers
  5 deep elf elementalists (Elf:3)
  2 draconian annihilators
  2 war gargoyles
  17 very ugly things
  A vampire knight (Depths:1)
  9 stone giants
  7 deep elf demonologists
  2 black draconians
  5 deep elf annihilators (Elf:3)
  A white draconian (Depths:5)
  5 purple draconians
  8 green draconians
  3 entropy weavers
  3 spark wasps
  6 red draconians
  4 yellow draconians
  3 dire elephants
  4 merfolk javelineers (Shoals:4)
  6 deep elf death magi
  4 merfolk impalers
  8 ettins
  5 deep elf high priests
  3 fire dragons
  2 great orbs of eyes
  11 yaktaur captains
  2 hell beasts (Depths:1)
  9 boulder beetles
  23 vault guards
  3 ogre magi
  A peacekeeper (Vaults:3)
  5 ice dragons
  2 spriggan air magi (Depths:2)
  8 ironbound thunderhulks
  10 hydras
  A monstrous demonspawn (Depths:2)
  A satyr (Shoals:2)
  4 merfolk aquamancers
  A catoblepas (Shoals:3)
  3 deep troll shamans (Depths:1)
  A two-headed ogre (D:6)
  23 dancing weapons
  2 alligator snapping turtles
  11 centaur warriors
  9 ironbound frosthearts
  2 death knights
  5 tengu warriors
  4 death yaks (Shoals:3)
  4 deep troll earth magi
  4 ironbound beastmasters
  3 spriggan berserkers
  6 hell knights
  11 deep elf knights
  2 fire crabs (shapeshifter) (Vaults:5)
  5 skeletal warriors
  A sixfirhy (Depths:1)
  36 deep trolls
  An infernal demonspawn (Depths:1)
  A shadow demon (Depths:1)
  13 sea snakes
  7 deep elf archers
  7 wizards
  6 lindwurms
  11 deep elf pyromancers
  3 phantasmal warriors
  7 orc knights
  17 ironbound convokers
  18 deep elf zephyrmancers
  10 harpies
  An oklob plant (Depths:3)
  19 fauns
  17 wolf spiders
  5 orc sorcerers (Orc:2)
  23 ugly things
  6 cyclopes
  8 orb spiders
  11 manticores
  7 merfolk sirens
  2 black mambas (Lair:6)
  3 moths of wrath
  5 water nymphs
  9 vault sentinels
  An elephant (Lair:5)
  7 cane toads
  3 efreet
  5 komodo dragons
  A rime drake (Lair:4)
  A kobold demonologist (D:12)
  6 tengu conjurers
  A tormentor (Depths:3)
  An ice devil (Depths:3)
  2 freezing wraiths
  15 demonic crawlers
  10 yaktaurs
  5 trolls
  20 jumping spiders
  2 polar bears
  23 merfolk
  4 meliai
  8 hornets
  22 slime creatures
  A tyrant leech (shapeshifter) (Depths:5)
  9 wind drakes
  6 snapping turtles
  2 blink frogs
  A raiju (shapeshifter) (Elf:3)
  5 dream sheep (Lair:6)
  An air elemental (Elf:1)
  39 redbacks
  5 spriggans
  15 tarantellas
  A wyvern (shapeshifter) (Elf:1)
  19 water elementals
  17 yaks
  A wraith (D:11)
  A hog (Elf:1)
  A fire elemental (Elf:2)
  4 basilisks
  A neqoxec (Depths:2)
  A chaos spawn (Depths:2)
  A vampire mosquito (D:12)
  4 wargs
  5 water moccasins
  A hydra simulacrum (Zot:1)
  A sky beast (D:6)
  17 orc warriors
  An ice beast (D:6)
  13 wolves
  2 black bears
  4 ogres
  A boggart (D:14)
  9 centaurs
  5 bullfrogs
  3 earth elementals
  3 wights
  3 electric eels
  A howler monkey (D:9)
  7 orc priests
  16 orc wizards
  3 hell rats (Lair:6)
  4 gnolls
  30 orcs
  8 tentacles
1062 creatures vanquished.

Vanquished Creatures (others)
  6 bone dragons
  4 profane servitors
  A fire giant (Depths:4)
  A deep elf elementalist (Elf:3)
  10 ghouls
  A black draconian (Depths:5)
  10 vampire knights
  A spectral dwarf (Vaults:3)
  A deep elf knight (Elf:2)
  4 spectral elves
  3 skeletal warriors
  6 flayed ghosts
  9 phantasmal warriors
  A wizard (Vaults:3)
  A deep elf pyromancer (D:14)
  A shard shrike zombie (Zot:2)
  A spectral orc (Shoals:1)
  A demonic crawler (Spider:4)
  A hornet (Spider:4)
  11 flying skulls
  A tarantella (Spider:4)
  3 wraiths (D:14)
  10 vampires
  3 humans (Elf:1)
  A Killer Klown skeleton (Zot:5)
  10 very ugly thing zombies
  A quicksilver dragon zombie (Zot:1)
  5 storm dragon zombies
  3 titan zombies (Vaults:5)
  3 spark wasp zombies
  2 golden dragon zombies
  A ghost moth zombie (Zot:5)
  3 wights
  4 shadow dragon zombies
  An iron dragon zombie (Depths:5)
  2 sphinx zombies
  7 wolf spider zombies
  8 centaur zombies
  A dire elephant zombie (Vaults:2)
  13 draconian zombies
  5 frost giant zombies
  10 red draconian zombies
  2 stone giant zombies
  7 green draconian zombies
  3 harpy zombies
  An orc wizard (Orc:2)
  A stone giant skeleton (Vaults:5)
  4 human skeletons (Vaults:5)
  3 sea snake zombies
  7 ugly thing zombies
  A black mamba zombie (Lair:6)
  2 ice dragon zombies
  A yellow draconian zombie (Zot:1)
  7 black draconian zombies
  10 merfolk zombies
  7 purple draconian zombies
  2 ettin zombies (Depths:2)
  3 fire dragon zombies
  8 white draconian zombies
  An emperor scorpion zombie (Spider:4)
  A black draconian skeleton (Zot:5)
  3 ghoul skeletons
  A green draconian skeleton (Depths:5)
  5 jumping spider zombies
  A purple draconian skeleton (Zot:5)
  18 redback zombies
  2 white draconian skeletons
  7 tarantella zombies
  A mummy (Lair:6)
  3 demonic crawler zombies
  9 moth of wrath zombies
  A wind drake zombie (Shoals:4)
  2 orb spider zombies
  28 deep troll zombies
  A faun zombie (Shoals:2)
  2 ogre zombies
  11 yaktaur zombies
  45 human zombies
  5 hydra zombies
  An infernal demonspawn zombie (Depths:1)
  A monstrous demonspawn skeleton (Depths:2)
  2 meliai zombies
  A snapping turtle zombie (Shoals:4)
  5 vampire mosquito zombies
  3 cyclops zombies (D:14)
  3 hornet zombies
  A wyvern zombie (Lair:5)
  2 basilisk zombies
  2 blink frog zombies
  5 dream sheep zombies (Lair:6)
  28 elf zombies
  A lindwurm zombie (Vaults:1)
  2 manticore zombies
  9 tengu zombies
  2 troll zombies
  2 two-headed ogre zombies
  2 warg zombies
  3 cane toad zombies (Lair:6)
  2 rime drake zombies
  An orc (Orc:2)
  2 black bear zombies
  3 komodo dragon zombies
  61 orc zombies
  A sky beast zombie (D:6)
  6 yak zombies
  2 bullfrog zombies
  3 gnoll zombies (D:9)
  2 hell rat zombies (Lair:6)
  3 killer bee zombies
  10 kobold zombies
  An orc skeleton (Orc:1)
  6 spriggan zombies
  5 water moccasin zombies
  9 wolf zombies
  6 demonic plants (Gauntlet)
  67 fungi
  343 plants
  14 tentacles
1009 creatures vanquished.

Grand Total: 3215 creatures vanquished

Notes
Turn   | Place    | Note
-------+----------+-------------------------------------------
     0 | D:1      | fiver49 the Gargoyle Necromancer began the quest for the
                  | Orb.
     0 | D:1      | Reached XP level 1. HP: 10/10 MP: 3/3
   189 | D:1      | Reached skill level 1 in Fighting
   360 | D:1      | Reached XP level 2. HP: 8/17 MP: 1/5
   944 | D:1      | Reached skill level 1 in Maces & Flails
  1301 | D:1      | Reached XP level 3. HP: 19/21 MP: 3/6
  2144 | D:2      | Found a faded altar of an unknown god.
  2531 | D:2      | Reached XP level 4. HP: 26/26 MP: 7/7
  3124 | D:3      | Found an opulent altar of Gozag.
  3911 | D:3      | Reached XP level 5. HP: 30/30 MP: 8/8
  5232 | D:4      | Noticed an ogre
  5456 | D:4      | Noticed Pikel
  5456 | D:4      | Noticed a lemure
  5456 | D:4      | Noticed a lemure
  5456 | D:4      | Noticed a lemure
  5491 | D:4      | Noticed a lemure
  5521 | D:2      | Killed a lemure
  5768 | D:4      | Reached skill level 5 in Maces & Flails
  6087 | D:3      | Reached XP level 6. HP: 35/35 MP: 9/9
  6609 | D:4      | Noticed Blork the orc
  6624 | D:4      | Killed Blork the orc
  7393 | D:2      | Killed Pikel
  7394 | D:2      | Reached XP level 7. HP: 31/40 MP: 10/10
  7555 | D:5      | Entered Level 5 of the Dungeon
  7555 | D:5      | Noticed Edmund
  7610 | D:5      | Found a staircase to the Ecumenical Temple.
  7661 | Temple   | Entered the Ecumenical Temple
  8040 | Temple   | Became a worshipper of Yredelemnul the Dark
  8058 | D:5      | Reached XP level 8. HP: 33/44 MP: 11/11
  8477 | D:5      | Noticed Eustachio
  8534 | D:4      | Killed Eustachio
  8764 | D:5      | Noticed Sigmund
  8882 | D:5      | Identified the +0 mace "Vethrac" {elec, Fragile Str+8 Int+2
                  | Stlth+}
  8970 | D:5      | Reached skill level 10 in Maces & Flails
  9270 | D:5      | Identified the +1 leather armour of Boczoddu {+Inv}
  9281 | D:5      | Killed Edmund
  9369 | D:5      | Reached XP level 9. HP: 34/48 MP: 12/12
  9576 | D:6      | Noticed a two-headed ogre
  9620 | D:5      | Reached * piety under Yredelemnul
  9697 | D:6      | Found a glowing silver altar of Zin.
  9729 | D:6      | Found Plog's Assorted Antiques.
  9737 | D:6      | Bought a scroll of identify for 44 gold pieces
  9737 | D:6      | Bought a potion of curing for 66 gold pieces
  9874 | D:6      | Noticed Maggie
 10038 | D:6      | Killed Maggie
 10142 | D:6      | Killed a two-headed ogre
 10464 | D:6      | Reached XP level 10. HP: 53/53 MP: 13/13
 10646 | D:6      | Found a burning altar of Makhleb.
 10646 | D:6      | Found a shimmering altar of Xom.
 10776 | D:7      | yred: much easier when you remember to animate the remains
 10828 | D:7      | Identified the +7 plate armour "Tevum" {rElec Str+5 Dex-2}
 11222 | D:6      | I made that note and then didn't reanimate antthing on that
                  | floor I'm booboo the fool
 11765 | D:8      | Reached ** piety under Yredelemnul
 11768 | D:8      | Reached skill level 1 in Armour
 11811 | D:8      | Found a shadowy altar of Dithmenos.
 12028 | D:8      | Found a radiant altar of Vehumet.
 12035 | D:8      | Reached skill level 1 in Invocations
 12124 | D:8      | Found a staircase to the Lair.
 13106 | D:9      | Found Beyl's Jewellery Shop.
 13573 | D:9      | Reached *** piety under Yredelemnul
 13595 | D:9      | Reached skill level 1 in Shields
 13680 | D:9      | Found a staircase to the Orcish Mines.
 13816 | D:10     | Entered Level 10 of the Dungeon
 14030 | D:9      | Reached XP level 11. HP: 61/61 MP: 14/14
 14762 | D:10     | Noticed a two-headed ogre
 14792 | D:10     | Killed a two-headed ogre
 14793 | D:10     | Reached skill level 5 in Fighting
 15090 | D:10     | Noticed a two-headed ogre
 15098 | D:10     | Killed a two-headed ogre
 15099 | D:10     | Reached skill level 5 in Armour
 15571 | D:11     | Noticed an orc knight
 15580 | D:11     | Reached **** piety under Yredelemnul
 15644 | D:11     | Killed an orc knight
 16346 | D:11     | Noticed a two-headed ogre
 16354 | D:11     | Killed a two-headed ogre
 16366 | D:11     | Reached skill level 5 in Dodging
 16667 | D:11     | Noticed a two-headed ogre
 16794 | Lair:1   | Entered Level 1 of the Lair of Beasts
 16883 | Lair:1   | Reached XP level 12. HP: 71/71 MP: 15/15
 16895 | Lair:1   | Received a gift from Yredelemnul (2 flying skulls)
 17550 | Lair:1   | Noticed a boulder beetle
 17577 | Lair:1   | Killed a boulder beetle
 17991 | Lair:1   | Found a glowing golden altar of the Shining One.
 18363 | Lair:2   | Found a hole to the Spider Nest.
 18373 | Lair:2   | Reached skill level 5 in Invocations
 18412 | Lair:2   | Received a gift from Yredelemnul (a wight)
 19018 | Lair:2   | Noticed a five-headed hydra
 19027 | Lair:2   | Killed a five-headed hydra
 19336 | Lair:3   | Noticed a five-headed hydra
 19342 | Lair:3   | Killed a five-headed hydra
 19533 | Lair:3   | Noticed Gastronok
 19557 | Lair:3   | Killed Gastronok
 19739 | Lair:3   | Found a staircase to the Shoals.
 20107 | Lair:4   | Reached XP level 13. HP: 80/80 MP: 17/17
 20159 | Lair:4   | Reached ***** piety under Yredelemnul
 21069 | Lair:5   | I was wondering why this class wasn't played enough to be a
                  | nemelex and then I checked the apts... I get it now
 21150 | Lair:5   | Received a gift from Yredelemnul (a mummy)
 21175 | Lair:5   | Found the +7 Kryia's mail coat {PotionHeal*2 rC+}
 21457 | Lair:5   | Reached skill level 10 in Fighting
 21740 | Lair:5   | Reached skill level 10 in Armour
 22522 | Lair:6   | Entered Level 6 of the Lair of Beasts
 23190 | Lair:6   | Received a gift from Yredelemnul (a wight)
 23219 | Lair:6   | Gained mutation: Your large and strong wings let you fly.
                  | [Gargoyle growth]
 23219 | Lair:6   | Reached XP level 14. HP: 81/90 MP: 16/19
 23422 | Lair:6   | Received a gift from Yredelemnul (a vampire)
 23925 | Lair:6   | Received a gift from Yredelemnul (a wight)
 24257 | Lair:6   | Found a staircase to the Slime Pits.
 24305 | Lair:6   | Received a gift from Yredelemnul (4 flying skulls)
 24725 | Lair:6   | Received a gift from Yredelemnul (5 flying skulls)
 25134 | Lair:6   | Received a gift from Yredelemnul (a vampire)
 25996 | D:12     | Identified a scroll of acquirement
 25997 | D:12     | Acquired the ring "Noaty" {rC+ rN+}
 26031 | D:12     | Found Biroeghe's Book Boutique.
 26672 | D:13     | You are sucked into a shaft and drop 1 floor!
 26833 | D:14     | Found a gate leading to a gauntlet.
 26846 | Gauntlet | Entered a Gauntlet
 26846 | Gauntlet | Found a transporter.
 26846 | Gauntlet | Found a transporter.
 26851 | Gauntlet | Found a transporter.
 26866 | Gauntlet | Found a transporter.
 26884 | Gauntlet | Found a transporter.
 26893 | Gauntlet | Found a transporter.
 26910 | Gauntlet | Found a transporter.
 26982 | Gauntlet | Found a transporter.
 26997 | Gauntlet | Found a transporter.
 26999 | Gauntlet | Found a large runed translucent door.
 27000 | Gauntlet | Found a large runed translucent door.
 27001 | Gauntlet | Found a large runed translucent door.
 27001 | Gauntlet | Found a large runed translucent door.
 27012 | Gauntlet | Found a transporter.
 27024 | Gauntlet | Found a transporter.
 27026 | Gauntlet | Found a large runed translucent door.
 27027 | Gauntlet | Found a large runed translucent door.
 27029 | Gauntlet | Found a runed translucent gate.
 27116 | Gauntlet | Found a transporter.
 27118 | Gauntlet | Found a large runed translucent door.
 27119 | Gauntlet | Found a large runed translucent door.
 27120 | Gauntlet | Found a large runed translucent door.
 27120 | Gauntlet | Found a large runed translucent door.
 27120 | Gauntlet | Found a runed translucent door.
 27120 | Gauntlet | Found a runed translucent door.
 27121 | Gauntlet | Found a large runed translucent door.
 27122 | Gauntlet | Found a large runed translucent door.
 27122 | Gauntlet | Found a large runed translucent door.
 27122 | Gauntlet | Found a large runed translucent door.
 27123 | Gauntlet | Found a large runed translucent door.
 27123 | Gauntlet | Found a large runed translucent door.
 27124 | Gauntlet | Found a runed translucent gate.
 27124 | Gauntlet | Found a runed translucent gate.
 27126 | Gauntlet | Found a transporter.
 27127 | Gauntlet | Found a transporter.
 27131 | Gauntlet | Found a transporter.
 27137 | Gauntlet | Found a transporter.
 27534 | Gauntlet | Reached skill level 5 in Shields
 28023 | D:13     | Received a gift from Yredelemnul (a wraith)
 28239 | D:13     | Found a gate to the Vaults.
 28248 | D:13     | Noticed Frances
 28248 | D:13     | Noticed Sonja
 28259 | D:13     | Killed Frances
 28265 | D:13     | Killed Sonja
 28265 | D:13     | Received a gift from Yredelemnul (a wraith)
 28266 | D:13     | Reached XP level 15. HP: 73/97 MP: 21/21
 28584 | D:13     | Found a large runed translucent door.
 28584 | D:13     | Found a large runed translucent door.
 28587 | D:13     | Noticed Dirphi Vium's ghost (journeyman MiBe)
 28612 | D:13     | Killed Dirphi Vium's ghost
 28736 | D:13     | Your ally Sonja died
 28738 | D:13     | Reached skill level 10 in Dodging
 29786 | D:14     | Received a gift from Yredelemnul (a flayed ghost)
 30110 | D:14     | Received a gift from Yredelemnul (a phantasmal warrior)
 30581 | D:14     | Received a gift from Yredelemnul (a wraith)
 30648 | D:14     | Identified the ring of Loace {Int+3 SInv Stlth+}
 30874 | D:14     | Identified the amulet of Jiatyn {RegenMP Drain rC++ rN+++}
 30881 | D:14     | Identified the ring of Tiapanlo {*Corrode rF+ rC+ Int+2
                  | Dex+4}
 31603 | D:14     | Received a gift from Yredelemnul (a skeletal warrior)
 31763 | D:14     | Identified the +4 broad axe "Yjynecky" {antimagic, Stlth+}
 31905 | D:14     | Received a gift from Yredelemnul (a phantasmal warrior)
 32333 | D:15     | Entered Level 15 of the Dungeon
 32906 | D:15     | Found a portal to a secret trove of treasure.
 32941 | D:15     | Found a runed translucent gate.
 32941 | D:15     | Found a runed translucent gate.
 32941 | D:15     | Found a runed translucent gate.
 32991 | D:15     | Reached ****** piety under Yredelemnul
 33025 | D:15     | Reached XP level 16. HP: 76/104 MP: 23/23
 33149 | D:15     | Noticed Epsin's ghost (journeyman MiFi)
 33602 | D:15     | Found a staircase to the Depths.
 33806 | D:11     | Received a gift from Yredelemnul (a flayed ghost)
 33890 | Orc:1    | Entered Level 1 of the Orcish Mines
 34368 | Orc:2    | Entered Level 2 of the Orcish Mines
 34491 | Orc:2    | Found a staircase to the Elven Halls.
 35065 | Orc:2    | Gained mutation: You are weak. (Str -2) [a neqoxec]
 35090 | Orc:2    | Found Noamiju's Book Boutique.
 35231 | Orc:2    | Found an ancient bone altar of Kikubaaqudgha.
 35232 | Orc:2    | Noticed Nergalle
 35241 | Orc:2    | Killed Nergalle
 35243 | Orc:2    | Found Cyfa's Magic Scroll Boutique.
 35274 | Orc:2    | Found a radiant altar of Vehumet.
 35282 | Orc:2    | Bought a scroll of blinking for 90 gold pieces
 35282 | Orc:2    | Bought a scroll of enchant weapon for 90 gold pieces
 35282 | Orc:2    | Bought a scroll of identify for 24 gold pieces
 35282 | Orc:2    | Bought a scroll of blinking for 90 gold pieces
 35282 | Orc:2    | Bought a scroll of teleportation for 36 gold pieces
 35282 | Orc:2    | Bought a scroll of identify for 24 gold pieces
 35367 | Orc:2    | Found Edupp's Distillery.
 35380 | Orc:2    | Found Riurepoj's Antique Armour Shop.
 35383 | Orc:2    | Bought a potion of heal wounds for 90 gold pieces
 35383 | Orc:2    | Bought a potion of curing for 54 gold pieces
 35383 | Orc:2    | Bought a potion of curing for 54 gold pieces
 35383 | Orc:2    | Bought a potion of might for 72 gold pieces
 35390 | Orc:2    | Bought a pair of runed gloves for 187 gold pieces
 36092 | Spider:1 | Entered Level 1 of the Spider Nest
 36124 | Lair:2   | Reached skill level 10 in Invocations
 36128 | Lair:2   | Received a gift from Yredelemnul (a flayed ghost)
 37058 | Lair:2   | Reached skill level 1 in Evocations
 37218 | Spider:1 | Received a gift from Yredelemnul (a vampire knight)
 37703 | Spider:2 | Received a gift from Yredelemnul (a bone dragon)
 38392 | Spider:2 | Noticed Arachne
 38404 | Spider:2 | Killed Arachne
 38510 | Spider:3 | Received a gift from Yredelemnul (a phantasmal warrior)
 38607 | Spider:3 | Received a gift from Yredelemnul (a ghoul)
 38821 | Spider:3 | Identified Roxanne's Guide on the Rocks
 38821 | Spider:3 | Noticed Roxanne
 39145 | Spider:3 | Received a gift from Yredelemnul (a ghoul)
 39202 | Spider:3 | Noticed Mara
 39205 | Spider:3 | Noticed fiver49's illusion
 39207 | Spider:3 | Killed Mara
 39246 | Spider:3 | Reached XP level 17. HP: 112/112 MP: 24/24
 39343 | Spider:3 | Identified the +6 scale mail of the Marlin {rF+ Int-5
                  | Dex+4}
 39398 | Spider:3 | Identified the +10 glaive "Earthworm" {elec, *Rage rN+
                  | Int+3 Dex+4}
 40084 | Spider:3 | Killed Roxanne
 40105 | Spider:4 | Entered Level 4 of the Spider Nest
 40125 | Spider:4 | Found a runed translucent door.
 40126 | Spider:4 | Found a shimmering altar of Xom.
 40126 | Spider:4 | Noticed Cumifues's ghost (journeyman MiMo)
 40126 | Spider:4 | Identified the +10 rapier of Premature Burial {chaos,
                  | Fragile Fly rC+ rCorr}
 40172 | Spider:4 | Received a gift from Yredelemnul (a phantasmal warrior)
 40294 | Spider:4 | Received a gift from Yredelemnul (a bone dragon)
 40316 | Spider:4 | Noticed Aizul
 40330 | Spider:4 | Killed Aizul
 40871 | Spider:4 | Received a gift from Yredelemnul (a ghoul)
 40955 | Spider:4 | Received a gift from Yredelemnul (a profane servitor)
 40956 | Spider:4 | Reached skill level 15 in Fighting
 41274 | Spider:4 | Got a gossamer rune of Zot
 41564 | Shoals:1 | Entered Level 1 of the Shoals
 41654 | Shoals:1 | Found a frozen archway.
 41674 | IceCv    | Entered an ice cave
 41717 | IceCv    | Reached skill level 15 in Armour
 42283 | Shoals:1 | Received a gift from Yredelemnul (a flayed ghost)
 42992 | Shoals:2 | Received a gift from Yredelemnul (a vampire knight)
 43577 | Shoals:2 | Noticed a kraken
 43593 | Shoals:2 | Killed a kraken
 43604 | Shoals:2 | Found Dlaehuch's Desiderata Depot.
 43612 | Shoals:2 | Bought a +0 demon whip for 270 gold pieces
 43814 | Shoals:2 | Noticed a kraken
 43825 | Shoals:2 | Killed a kraken
 44257 | Shoals:3 | Found a transporter.
 44259 | Shoals:3 | Found a transporter.
 44264 | Shoals:3 | Found a bloodstained altar of Trog.
 44265 | Shoals:3 | Noticed ystael's ghost (adept MiFi)
 44276 | Shoals:3 | Reached skill level 1 in Throwing
 44280 | Shoals:3 | Noticed Polyphemus
 44291 | Shoals:3 | Reached XP level 18. HP: 114/119 MP: 26/26
 44293 | Shoals:3 | Killed Polyphemus
 44318 | Shoals:3 | Found Qihy's Assorted Antiques.
 44334 | Shoals:3 | Bought a scroll of magic mapping for 143 gold pieces
 44334 | Shoals:3 | Bought a scroll of enchant weapon for 307 gold pieces
 44552 | Shoals:3 | Found Vubuomapp's General Store.
 44564 | Shoals:3 | Bought 8 boomerangs for 60 gold pieces
 44728 | Shoals:3 | Noticed Jorgrun
 44740 | Shoals:3 | Killed Jorgrun
 44740 | Shoals:3 | Enslaved Jorgrun
 45091 | Shoals:4 | Entered Level 4 of the Shoals
 45392 | Shoals:4 | Identified the amulet of Nesapneqyt {Faith Fly rF- rC+}
 45403 | Shoals:4 | Received a gift from Yredelemnul (a vampire)
 45529 | Shoals:4 | Received a gift from Yredelemnul (a phantasmal warrior)
 45536 | Shoals:4 | Got a barnacled rune of Zot
 45756 | Shoals:4 | Found a runed translucent gate.
 45756 | Shoals:4 | Found a runed translucent gate.
 45757 | Shoals:4 | Found a runed translucent gate.
 45758 | Shoals:4 | Noticed pikapanic92's ghost (adept TrFi)
 46397 | Shoals:4 | Killed pikapanic92's ghost
 46499 | Shoals:4 | Received a gift from Yredelemnul (a ghoul)
 46529 | Shoals:4 | Identified the +0 cloak of the Eight Boll Weevils {rC+}
 46849 | Vaults:1 | Entered Level 1 of the Vaults
 47119 | Vaults:1 | Reached skill level 5 in Evocations
 47282 | Vaults:1 | Reached skill level 10 in Shields
 47979 | Vaults:1 | Received a gift from Yredelemnul (a vampire knight)
 49515 | Vaults:2 | Received a gift from Yredelemnul (a ghoul)
 49536 | Vaults:2 | Reached XP level 19. HP: 111/125 MP: 25/27
 49752 | Vaults:2 | Found a huge runed gate.
 49752 | Vaults:2 | Found a huge runed gate.
 49752 | Vaults:2 | Found a huge runed gate.
 49752 | Vaults:2 | Found a huge runed gate.
 49752 | Vaults:2 | Found a huge runed gate.
 49753 | Vaults:2 | Found a huge runed gate.
 49753 | Vaults:2 | Found a huge runed gate.
 49753 | Vaults:2 | Found a huge runed gate.
 49753 | Vaults:2 | Found a huge runed gate.
 49753 | Vaults:2 | Found a huge runed gate.
 49754 | Vaults:2 | Found a huge runed gate.
 49755 | Vaults:2 | Found a huge runed gate.
 49756 | Vaults:2 | Found a huge runed gate.
 49757 | Vaults:2 | Found a huge runed gate.
 49758 | Vaults:2 | Found a huge runed gate.
 49787 | Vaults:2 | Reached skill level 5 in Throwing
 50079 | Vaults:2 | Received a gift from Yredelemnul (a vampire knight)
 50207 | Vaults:2 | Found Xagg's Magic Scroll Shoppe.
 50215 | Vaults:2 | Bought 2 scrolls of enchant weapon for 270 gold pieces
 50215 | Vaults:2 | Bought a scroll of teleportation for 54 gold pieces
 50215 | Vaults:2 | Bought a scroll of teleportation for 54 gold pieces
 50215 | Vaults:2 | Bought a scroll of enchant weapon for 135 gold pieces
 50541 | Vaults:2 | Received a gift from Yredelemnul (a bone dragon)
 50651 | Vaults:2 | Found a staircase to the Crypt.
 50872 | Vaults:2 | You are sucked into a shaft and drop 1 floor!
 51285 | Vaults:2 | Noticed Frederick
 51303 | Vaults:2 | Killed Frederick
 51304 | Vaults:2 | Received a gift from Yredelemnul (a profane servitor)
 51804 | Vaults:3 | Received a gift from Yredelemnul (a skeletal warrior)
 52247 | Vaults:3 | Your ally Jorgrun died
 52347 | Vaults:3 | Identified the +4 plate armour of Going Fast {rPois rN+
                  | Int+3}
 52982 | Vaults:4 | Received a gift from Yredelemnul (a vampire knight)
 52983 | Vaults:4 | Reached XP level 20. HP: 134/134 MP: 29/29
 53676 | Vaults:4 | Found Xeozxipa's Antique Armour Emporium.
 54037 | Vaults:4 | Identified the +1 cloak of Theory {rPois Slay+2}
 54293 | Vaults:4 | Received a gift from Yredelemnul (a phantasmal warrior)
 54342 | Vaults:4 | Noticed Boris
 54359 | Vaults:4 | Killed Boris
 54369 | Vaults:4 | Found a transporter.
 54380 | Vaults:4 | Found a transporter.
 54445 | Vaults:4 | Noticed Saint Roka
 54465 | Vaults:4 | Killed Saint Roka
 54991 | Elf:1    | Entered Level 1 of the Elven Halls
 55040 | Elf:1    | Noticed Kirke
 55052 | Elf:1    | Killed Kirke
 55219 | Elf:1    | Received a gift from Yredelemnul (a ghoul)
 55556 | Elf:1    | Noticed Donald
 55568 | Elf:1    | Killed Donald
 55648 | Elf:1    | Received a gift from Yredelemnul (a phantasmal warrior)
 55901 | Elf:1    | Found Ynuim's Weapon Boutique.
 56297 | Elf:2    | Found Pumpit's Book Shop.
 56303 | Elf:2    | Found a shimmering blue altar of Sif Muna.
 56352 | Elf:2    | Received a gift from Yredelemnul (a phantasmal warrior)
 56606 | Elf:2    | Received a gift from Yredelemnul (a profane servitor)
 56609 | Elf:2    | Found a runed translucent gate.
 56676 | Elf:2    | Found a runed translucent gate.
 56676 | Elf:2    | Found a runed translucent gate.
 57219 | Elf:2    | Received a gift from Yredelemnul (a skeletal warrior)
 57483 | Elf:2    | Reached XP level 21. HP: 142/142 MP: 30/30
 57514 | Elf:2    | Received a gift from Yredelemnul (a profane servitor)
 57782 | Elf:3    | Entered Level 3 of the Elven Halls
 57840 | Elf:3    | Found a flickering gateway to a bazaar.
 57852 | Bazaar   | Entered a bazaar
 57852 | Bazaar   | Found Cuyk Geo's Antique Armour Shoppe.
 57852 | Bazaar   | Found Viwytt's Armour Emporium.
 57854 | Bazaar   | Found Suisoub's Jewellery Shoppe.
 57870 | Bazaar   | Found Riase Ism's Magic Scroll Emporium.
 57878 | Bazaar   | Bought a scroll of teleportation for 30 gold pieces
 57878 | Bazaar   | Bought a scroll of teleportation for 30 gold pieces
 57878 | Bazaar   | Bought a scroll of enchant weapon for 75 gold pieces
 57878 | Bazaar   | Bought a scroll of enchant armour for 75 gold pieces
 57878 | Bazaar   | Bought a scroll of enchant armour for 75 gold pieces
 57878 | Bazaar   | Bought a scroll of enchant weapon for 75 gold pieces
 57878 | Bazaar   | Bought a scroll of teleportation for 30 gold pieces
 58038 | Elf:3    | Received a gift from Yredelemnul (a vampire)
 58406 | Elf:3    | Reached skill level 10 in Throwing
 58439 | Elf:3    | Received a gift from Yredelemnul (a vampire)
 58509 | Elf:3    | Got the Disquisition on Glacial Moulding
 58633 | Elf:3    | Found the +7 Spriggan's Knife {stab, EV+4 Stlth+}
 58681 | Elf:3    | Received a gift from Yredelemnul (a ghoul)
 58719 | Elf:3    | Identified the +8 glaive of Lecedig {flame, rC- rN+ Int+4}
 59027 | Elf:3    | Identified the +0 ring mail of Kymiec {Rampage *Slow Regen+
                  | Dex+7}
 59031 | Elf:3    | Got the Almanac of the Traveller
 59076 | Elf:3    | Reached skill level 15 in Shields
 59241 | Elf:3    | Identified the +7 trident "Niex" {vorpal, rC+ Int+3}
 59675 | Depths:1 | Entered Level 1 of the Depths
 59713 | Depths:1 | Found a one-way gate leading to the halls of Pandemonium.
 59773 | Depths:1 | Found a gateway to Hell.
 59826 | Depths:1 | Received a gift from Yredelemnul (a ghoul)
 60233 | Depths:1 | Found the +7 great mace "Undeadhunter" {disrupt, rN+}
 60347 | Depths:1 | Received a gift from Yredelemnul (a ghoul)
 61099 | Depths:2 | Received a gift from Yredelemnul (a vampire knight)
 61493 | Depths:2 | Received a gift from Yredelemnul (a flayed ghost)
 61911 | Depths:2 | Reached XP level 22. HP: 146/150 MP: 31/31
 62082 | Depths:2 | Received a gift from Yredelemnul (a bone dragon)
 63303 | Depths:3 | Found a sparkling altar of Nemelex Xobeh.
 63533 | Depths:3 | Received a gift from Yredelemnul (a bone dragon)
 63918 | Depths:3 | Paralysed by a sphinx for 7 turns
 63954 | Depths:3 | Found an ancient bone altar of Kikubaaqudgha.
 64129 | Depths:4 | Found a transporter.
 64190 | Depths:4 | Found a corrupted altar of Lugonu.
 64196 | Depths:4 | Received a gift from Yredelemnul (a vampire knight)
 64224 | Depths:4 | Found a one-way gate to the infinite horrors of the Abyss.
 64388 | Depths:4 | Found a transporter.
 64656 | Depths:4 | Noticed Mennas
 64667 | Depths:4 | Found a gateway to a ziggurat.
 65029 | Depths:4 | Found an ornate altar of the Wu Jian Council.
 65065 | Depths:5 | Entered Level 5 of the Depths
 65095 | Depths:5 | Received a gift from Yredelemnul (a flayed ghost)
 65784 | Depths:5 | Noticed a golden dragon
 65810 | Depths:5 | Received a gift from Yredelemnul (a vampire)
 66738 | Depths:5 | Received a gift from Yredelemnul (a profane servitor)
 67088 | Depths:5 | Found a runed translucent door.
 67092 | Depths:5 | Found a runed translucent door.
 67097 | Depths:5 | Found a runed translucent door.
 67121 | Depths:5 | Found a runed translucent door.
 67273 | Depths:5 | Found a runed translucent door.
 67276 | Depths:5 | Found a runed translucent door.
 67603 | Depths:5 | Killed a golden dragon
 67604 | Depths:5 | Reached XP level 23. HP: 120/156 MP: 32/32
 68132 | Depths:5 | Found a gate to the Realm of Zot.
 68298 | Depths:5 | Received a gift from Yredelemnul (a vampire)
 68853 | D:9      | Bought the ring of Liacutiu {rC+ Str+4} for 606 gold pieces
 69089 | Vaults:5 | Entered Level 5 of the Vaults
 69153 | Vaults:4 | Your ally Saint Roka died
 69230 | Vaults:4 | Received a gift from Yredelemnul (a ghoul)
 69680 | Vaults:5 | Received a gift from Yredelemnul (a vampire knight)
 69684 | Vaults:5 | Noticed a dread lich
 69690 | Vaults:5 | Paralysed by a dread lich for 6 turns
 69693 | Vaults:5 | Killed a dread lich
 69850 | Vaults:5 | Identified the +1 battleaxe "Erriax Feurph" {freeze, rC+
                  | rN+++ Str-3}
 69946 | Vaults:5 | Noticed an ancient lich
 69959 | Vaults:5 | Killed an ancient lich
 69963 | Vaults:5 | Noticed an ancient lich
 69968 | Vaults:5 | Noticed an ancient lich
 69974 | Vaults:5 | Killed an ancient lich
 69976 | Vaults:5 | oh whoops
 69976 | Vaults:5 | did not think that would turn it on me
 70064 | Vaults:5 | Received a gift from Yredelemnul (a vampire knight)
 70065 | Vaults:5 | Reached skill level 15 in Maces & Flails
 70588 | Vaults:5 | Killed an ancient lich
 71118 | Vaults:5 | Identified the +7 rapier of False Hope {pain, rPois Str+3
                  | Int-3}
 71189 | Vaults:5 | Reached XP level 24. HP: 159/164 MP: 32/32
 71501 | Vaults:5 | Noticed an ancient lich
 71510 | Vaults:5 | Killed an ancient lich
 71515 | Vaults:5 | Received a gift from Yredelemnul (a vampire)
 71556 | Vaults:5 | Received a gift from Yredelemnul (a vampire)
 71765 | Vaults:5 | Got a silver rune of Zot
 71769 | Vaults:5 | Got the Incunabulum of Envenoming
 72174 | Vaults:5 | Found Raxkofar's Antique Weapon Shoppe.
 72679 | Zot:1    | Entered Level 1 of the Realm of Zot
 73285 | Zot:1    | You are sucked into a shaft and drop 1 floor!
 73341 | Zot:1    | Noticed a shard shrike
 73361 | Zot:2    | Killed a shard shrike
 73870 | Zot:1    | Noticed an orb of fire
 73881 | Zot:1    | Gained mutation: You are clumsy. (Dex -2) [an orb of fire]
 73891 | Zot:1    | Gained mutation: You are very clumsy. (Dex -4) [an orb of
                  | fire]
 73894 | Zot:1    | Gained mutation: You are frail. (-10% HP) [an orb of fire]
 73897 | Zot:1    | Killed an orb of fire
 73922 | Zot:1    | Received a gift from Yredelemnul (a vampire knight)
 74673 | Zot:1    | Found a shimmering altar of Xom.
 76169 | Zot:3    | Reached XP level 25. HP: 152/153 MP: 33/33
 76355 | Zot:3    | Received a gift from Yredelemnul (a bone dragon)
 76781 | Zot:4    | I put the ring on and then get corroded???
 76916 | Zot:4    | Received a gift from Yredelemnul (a phantasmal warrior)
 77462 | Zot:5    | Entered Level 5 of the Realm of Zot
 77523 | Zot:5    | Reached skill level 15 in Invocations
 77928 | Zot:4    | Noticed an orb of fire
 77957 | Zot:4    | Gained mutation: You are very weak. (Str -4) [an orb of
                  | fire]
 77960 | Zot:4    | Killed an orb of fire
 78640 | Zot:5    | Noticed an orb of fire
 78642 | Zot:5    | Gained mutation: Armour fits poorly on your strangely
                  | shaped body. [an orb of fire]
 78646 | Zot:5    | Noticed an orb of fire
 78657 | Zot:4    | Gained mutation: Your body sometimes deteriorates upon
                  | taking damage. [an orb of fire]
 78674 | Zot:4    | Killed an orb of fire
 78918 | Zot:4    | Gained mutation: Your mind is acute. (Int +2) [an orb of
                  | fire]
 78920 | Zot:4    | Gained mutation: You are very frail. (-20% HP) [an orb of
                  | fire]
 78949 | Zot:4    | Killed an orb of fire
 79086 | Zot:4    | Lost mutation: Your body sometimes deteriorates upon taking
                  | damage. [potion of mutation]
 79086 | Zot:4    | Lost mutation: You are very frail. (-20% HP) [potion of
                  | mutation]
 79086 | Zot:4    | Gained mutation: Your magical capacity is low. (-10% MP)
                  | [potion of mutation]
 79086 | Zot:4    | Gained mutation: You do not regenerate when monsters are
                  | visible. [potion of mutation]
 79087 | Zot:4    | Lost mutation: You are frail. (-10% HP) [potion of
                  | mutation]
 79087 | Zot:4    | Lost mutation: You are very weak. (Str -4) [potion of
                  | mutation]
 79087 | Zot:4    | Lost mutation: You are very clumsy. (Dex -4) [potion of
                  | mutation]
 79087 | Zot:4    | Gained mutation: You tend to lose your temper in combat.
                  | [potion of mutation]
 79087 | Zot:4    | Gained mutation: You expend magic power (3 MP) to
                  | strengthen your wands. [potion of mutation]
 79088 | Zot:4    | I think if anything these mutations may be worse
 79384 | Zot:5    | Noticed a dread lich
 79540 | Zot:4    | Reached XP level 26. HP: 159/179 MP: 31/31
 79545 | Zot:4    | Killed a dread lich
 79633 | Zot:5    | Noticed a Killer Klown
 79658 | Zot:5    | a Killer Klown changed into an emperor scorpion
 79705 | Zot:5    | Noticed an orb of fire
 80065 | Zot:5    | Gained mutation: Your body sometimes deteriorates upon
                  | taking damage. [an orb of fire]
 80075 | Zot:4    | Gained mutation: You often lose your temper in combat. [an
                  | orb of fire]
 80089 | Zot:4    | Killed an orb of fire
 80462 | Zot:5    | Noticed a dread lich
 80477 | Zot:5    | Noticed a dread lich
 80480 | Zot:5    | Killed a dread lich
 80505 | Zot:5    | Killed a dread lich
 80901 | Zot:5    | Noticed a Killer Klown
 80920 | Zot:5    | Killed a Killer Klown
 80991 | Zot:5    | Noticed an ancient lich
 81003 | Zot:5    | Killed an ancient lich
 81452 | Zot:5    | Noticed an ancient lich
 81474 | Zot:5    | Killed an ancient lich
 81605 | Zot:5    | Noticed a Killer Klown
 81614 | Zot:5    | Noticed an ancient lich
 81632 | Zot:5    | Killed a Killer Klown
 81642 | Zot:5    | Killed an ancient lich
 81671 | Zot:5    | Received a gift from Yredelemnul (a vampire)
 82018 | Zot:5    | Reached XP level 27. HP: 186/186 MP: 31/31
 82059 | Zot:5    | Got the Orb of Zot
 82277 | Zot:1    | Noticed Neran the pandemonium lord
 82699 | D:6      | Your ally Maggie died
 82797 | D:5      | Noticed Buap Lut the pandemonium lord
 82928 | D:$      | Escaped with the Orb!

Illustrated notes ...$ .... ...... ### ....... #.#####.#. ....... #.@....... .......##.#####... .....#....# .. .........##.#.# .........'....# .........###....# #....#........#.# ###.......#..# #.##.##.# # Turn 10776 on D:7: yred: much easier when you remember to animate the remains

###......#..#....##......
#.#......###....##.....
####....###.......<....
####.##...#.........
###..#z...####z.....
#.....z...## ##.....
###(.z..#..#####....
###.PPP.#....##[....
#..@P∩..##..........
###..P...#......>..[
#.................
###...............
####............
##.....#.....
#............
##.....#....#
##............


Turn 11222 on D:6: I made that note and then didn't reanimate antthing on that
floor I'm booboo the fool .. .#### ###+..#. #P.....# # ......# #.#.....##
..#.#.......## ......z@.....# #.#..#Z.(...## # ........# #..#.....## #...#..+.#
##......## ...... ##+..P.# Turn 21069 on Lair:5: I was wondering why this class
wasn't played enough to be a nemelex and then I checked the apts... I get it now
#.###.#...# ##Z#Z}.# #. ..#ZAZ#.###.# / ..##A###.#... .# ..###Z#ZZ.#.###.
..##.nZ#.###.#Z. ## #. ..#.#.###.#Z).#Z###.#...# ..####Z#n..#.###V#D..#
..#.#.Z.#Z###.#Z@n# ..#..#Z###.#.ZZ#Z## ..#.###.#...#.###A# ..##.#.?.#.###.# Lp#
.V#...#.###.# ..#≈## .....###. (.#.###. ....##### ##### # <(....... .<.......
Turn 69976 on Vaults:5: oh whoops * *,,,* *,,,* #..# ***,,,* *,,,* #..# ,**,,,*
*,,,* #..# ,,,,,,* *,,,* #..# ,,,,,,* *,,,* #..# ,,,,,,* *,,,* #..# ,,,,,,*
*,,,* #..# ,,,,,,* **,,,* ##..# ,,,,,,***,,,***#@).# ,,,,,,,,,,,***#qq[##
,,,,,,,,,,,**#)..## ,,,,,,,,,,,,....## ,,,,,,,,,,§/...#* ,,,,,,,,,.....#*
,,,,,,,,,....#* ,,,,,,,,,...#* *,,,,,,,,,,** Turn 76781 on Zot:4: I put the ring
on and then get corroded??? ,,,,,,,,,,,,*##.....)....##
,,,,,*******##..........## ,,,,,* ##..........## ,,,,,* ##.#.#.#.#..##
,,,,.######........?.## ,,,,.......#......)### ,,,,................#
,,,,.......#..).)..## ****#######....)@.).# * ###...)[..## * #..........#
*********#.#.#.#.#.## ,,,,,,,,...........# ,,,,,,,.....######## ******######*
Turn 79088 on Zot:4: I think if anything these mutations may be worse

Levels and vault maps discovered:
D:1:      saegor_arrival_fortress, layout_rooms, wad_floor_pattern_2
D:2:      layout_loops_cross, basic_ecumenical_altar
D:3:      minmay_inner_zag, layout_basic, grunt_gozag_statues,
          portal_sewer_entry_b
D:4:      layout_loops_corners, uniq_pikel, uniq_blork_the_orc
D:5:      layout_loops_ring, temple_pool_b, serial_bayou_lagoon_a,
          uniq_eustachio, uniq_sigmund, uniq_edmund
D:6:      layout_cave_pools, grunt_temple_overflow_champion_of_chaos,
          zin_academy, serial_shops, nicolae_shop_overgrown_old_shop,
          serial_bayou, serial_bayou_pond_c, serial_bayou_pond_e,
          serial_bayou_pond_b, serial_bayou_pond_e, kennysheep_generic_room_9,
          uniq_maggie
D:7:      layout_basic, minmay_door_square
D:8:      layout_loops_ring, lemuel_round_altar, grunt_dithmenos_smoke,
          lair_entry_dummy, minmay_misc_feat_rugged
D:9:      layout_loops_ring, david_orc_4, serial_shops, shop_statue,
          minmay_misc_feat_cross
D:10:     layout_gridville
D:11:     layout_loops_cross
D:12:     layout_cross, serial_shops, nicolae_shop_statue_plus
D:13:     layout_long_grid, erik_vaults_1, ebering_ghost_disaster_area,
          uniq_sonja, uniq_frances
D:14:     minmay_spiral_squares, layout_basic, serial_bayou,
          serial_bayou_lake_a, serial_bayou_pond_c, serial_bayou_shore_b,
          serial_bayou_shore_a, serial_bayou_pond_a, serial_bayou_ford_a,
          gauntlet_entry_generic
D:15:     grunt_enter_depths_hoard, layout_basic, enter_trove_0,
          gammafunk_ghost_icy
Temple:   eino_temple_scatter_basement
Lair:1:   layout_layer_cave, basic_altar
Lair:2:   layout_small_grid, spider_nest_entry_rubble
Lair:3:   minmay_lair_oklob_tunnel, layout_gridlike, shoals_dummy_entry,
          uniq_gastronok
Lair:4:   layout_long_grid
Lair:5:   layout_roguey, grunt_forest_large_clearings, lemuel_fruit_tree,
          grunt_megastairs_2
Lair:6:   minmay_lair_end_enchanted_forest, layout_gridlike,
          dpeg_slime_entry_corner, grunt_megastairs_5
Shoals:1: layout_shoals, portal_ice_cave_entry_frozen_things,
          nicolae_shoals_arrival_archipelago
Shoals:2: layout_shoals, nicolae_alphabet_shops,
          nicolae_shoals_kraken_intersection
Shoals:3: layout_shoals, serial_shops, nicolae_shop_stone, shop,
          gammafunk_ghost_wrathful_warriors, uniq_jorgrun, uniq_polyphemus
Shoals:4: shoals_end_simple, layout_shoals, gammafunk_ghost_tricky_traps
Spider:1: layout_spider_delve
Spider:2: layout_spider_delve, uniq_arachne
Spider:3: layout_chambers, uniq_mara, uniq_roxanne
Spider:4: guppyfry_spider_rune, ebering_ghost_xom, drop_trap, uniq_aizul
Orc:1:    layout_diamond_mine
Orc:2:    kennysheep_orc_mage_school, layout_caves
Elf:1:    eino_elf_arrival_shootout, layout_loops_corners, serial_shops,
          nicolae_shop_crystal, kennysheep_underground_church,
          hangedman_elf_simple_split, uniq_kirke, uniq_donald
Elf:2:    nicolae_elf_blades_crystal_corner, layout_loops_cross, basic_altar,
          serial_shops, nicolae_shop_trees, special_room [special_room_orc],
          hangedman_elf_targetted_burst
Elf:3:    nooodl_elf_gasket, layout_loops_ring, serial_shops, bzr_entry_safe,
          fountainhead
Vaults:1: nicolae_vaults_asterisk, nicolae_vaults_little_squares_6,
          nicolae_vaults_three_branches, vaults_room_guarded_vault,
          nicolae_vaults_little_squares_2, nicolae_vaults_little_squares_4,
          v_misc_13, ontoclasm_vaults_bender, v_misc_32,
          nicolae_vaults_border_crossing, vaults_dpeg_hooks, v_misc_5,
          layout_vaults_chaotic_city
Vaults:2: v_misc_12, ontoclasm_vaults_misaligned, vaults_dpeg_diagonal,
          nicolae_vaults_arrows, nicolae_vaults_mini_display_case,
          vaults_room_grid, vaults_door_vault, v_misc_8, v_misc_1,
          nicolae_vaults_ring_of_whatevers, layout_vaults_omnicross,
          serial_shops, nicolae_square_shop, uniq_frederick
Vaults:3: grunt_vaults_focal, vaults_room_pools, nicolae_vaults_rhombus_6,
          vaults_standard_mumra_x, nicolae_vaults_theta,
          nicolae_vaults_little_ls, nicolae_vaults_little_squares_3, v_misc_27,
          v_misc_5, grunt_vaults_twisty, nicolae_vaults_diagonal_hallway_6,
          layout_vaults_quadrants
Vaults:4: vaults_mumra_chevron, nicolae_vaults_shelves_hall, v_rooms_4,
          nicolae_vaults_triangles, gammafunk_sealed_arena, vaults_room_octagon,
          nicolae_vaults_hallways_thing, hangedman_vaults_capsules,
          vaults_room_fours, nicolae_vaults_little_squares_5,
          layout_vaults_ring, serial_shops, nicolae_lakefront_shop, uniq_boris,
          uniq_saint_roka
Vaults:5: serial_shops
Depths:1: layout_roguey, grunt_mini_vestibule, minmay_stone_trees_small,
          rand_demon_pan_entry_7, minmay_shattered_shrine
Depths:2: kennysheep_bubbly, layout_basic, rand_demon_pan_entry_5,
          grunt_decor_junction, hangedman_coc_ice_floe, serial_bayou_shore_b,
          infiniplex_staircase_star
Depths:3: dpeg_oklob_gauntlet, layout_cave_pools, rand_demon_pan_entry_4,
          pf_vacation_house_of_asmodeus, nemelex_spade_bored_becter,
          kiku_gazebo_pond_becter, minmay_staircase_windowed_large
Depths:4: gammafunk_its_a_trap, layout_cave_shapes, enter_ziggurat_e,
          abyss_entry_flame_altar, hell_entry,
          nicolae_wu_jian_immortal_techniques, uniq_mennas
Depths:5: evilmike_zot_entry_castle, layout_basic, hell_entry, abyss_entry,
          hangedman_abyss_or_decor_stabs, lemuel_flamethrower_1
Zot:1:    nicolae_zot_draconian_monastery, layout_cathedral_of_symmetry,
          hangedman_elemental_grid_stream
Zot:2:    layout_basic, bh_zot_ikea_curve
Zot:3:    grunt_twist_and_shout, layout_cathedral_of_symmetry
Zot:4:    lemuel_draconian_sentries, layout_onion, st_stairs_4
Zot:5:    layout_gridville

Skill      XL: |  1  2  3  4  5  6  7  8  9 10 11 12 13 14 15 16 17 18 19 20 21 22 23 24 25 26 27 |
---------------+----------------------------------------------------------------------------------+-----
Fighting       | 1 2 4 6 9 11 12 13 14 15 16 17 18 19 20 21 22 23 | 23.0
Maces & Flails | 1 2 4 5 8 10 13 14 15 16 | 16.0
Armour         | 3 6 8 10 12 13 14 15 16 17 18 19 20 21 22 23 | 23.0
Dodging        | 3 5 7 8 9 10 11 12 13 14 | 14.0
Invocations    | 2 4 6 7 8 9 10 11 12 13 14 15 17 | 17.3
Shields        | 1 4 5 6 8 9 10 12 14 16 18 19 20 21 | 21.9
Evocations     | 2 4 5 |  5.1
Throwing       | 1 4 7 9 11 12 13 | 13.0
Stealth        | |  2.1
Spellcasting   | |  2.0
Necromancy     | |  3.2

Action                   |  1- 3 |  4- 6 |  7- 9 | 10-12 | 13-15 | 16-18 | 19-21 | 22-24 | 25-27 || total
-------------------------+-------+-------+-------+-------+-------+-------+-------+-------+-------++-------
Melee: Unarmed           |    11 |       |       |       |       |       |       |       |       ||    11
       Club              |     8 |       |       |       |       |       |       |       |       ||     8
       Whip              |   164 |   369 |   159 |       |       |       |       |       |       ||   692
       Mace              |       |       |   127 |   754 |  1431 |  1139 |  1047 |       |       ||  4498
       Morningstar       |       |       |       |       |       |       |   284 |  1536 |   968 ||  2788
       Demon whip        |       |       |       |       |       |       |       |       |    23 ||    23
Throw: Dart              |    25 |    39 |    24 |    19 |     9 |     1 |     2 |       |       ||   119
       Boomerang         |       |     6 |     9 |    14 |       |       |    15 |    45 |    47 ||   136
       Javelin           |       |       |       |       |       |       |       |    45 |   100 ||   145
 Cast: Pain              |    11 |       |       |       |       |       |       |       |       ||    11
Invok: Animate Remains   |       |       |     9 |    25 |       |       |       |       |       ||    34
       Animate Dead      |       |       |       |    31 |    72 |   121 |    58 |    59 |    14 ||   355
       Injury Mirror     |       |       |       |     1 |       |       |       |       |       ||     1
       Drain Life        |       |       |       |       |     7 |    10 |    21 |    27 |    16 ||    81
       Recall Undead Sla |       |       |       |       |     2 |     6 |     9 |     6 |       ||    23
       Enslave Soul      |       |       |       |       |       |     3 |     4 |     1 |       ||     8
Evoke: Wand              |       |       |     2 |     3 |     3 |     6 |       |     1 |     1 ||    16
       Phial of floods   |       |       |       |       |       |     1 |     4 |     3 |       ||     8
       Condenser vane    |       |       |       |       |       |       |     6 |     3 |     3 ||    12
       Phantom mirror    |       |       |       |       |       |       |     2 |     5 |     1 ||     8
  Use: Scroll            |       |       |     8 |     9 |    13 |     6 |     3 |    17 |    22 ||    78
       Potion            |       |       |     4 |       |       |     1 |       |     3 |    23 ||    31
 Stab: Sleeping          |     1 |       |       |       |       |       |       |       |       ||     1
       Distracted        |       |       |       |     4 |    15 |    39 |    21 |    20 |     6 ||   105
       Petrified         |       |       |       |       |     9 |       |     3 |       |       ||    12
       Paralysed         |       |       |       |       |       |     3 |     6 |     1 |       ||    10
       Held in net/web   |       |       |       |       |       |     2 |       |       |       ||     2
       Petrifying        |       |       |       |       |       |     1 |       |     1 |       ||     2
       Confused          |       |       |       |       |       |       |     2 |     1 |       ||     3
Armor: Robe              |    39 |       |       |       |       |       |       |       |       ||    39
       Ring mail         |    13 |   114 |       |       |       |       |       |       |       ||   127
       Scale mail        |       |    28 |   189 |    17 |       |       |       |       |       ||   234
       Plate armour      |       |       |       |   416 |   851 |   801 |   661 |   812 |       ||  3541
       Crystal plate arm |       |       |       |       |       |       |       |    13 |   554 ||   567
Dodge: Dodged            |   112 |   176 |   126 |   186 |   512 |   547 |   503 |   373 |   159 ||  2694
       Repelled          |       |       |       |       |     1 |     7 |       |       |       ||     8
Block: Buckler           |       |       |       |    77 |   311 |       |       |       |       ||   388
       Reflection        |       |       |       |       |    23 |    47 |    51 |    39 |    13 ||   173
       Kite shield       |       |       |       |       |   668 |  1214 |  1197 |       |       ||  3079
       Tower shield      |       |       |       |       |       |       |   108 |  2021 |  1164 ||  3293
